 Dungeon Crawl Stone Soup version 0.28.0-62-gf88900778d (webtiles) character file.

Game seed: 5369230343382497947

21 infinitevox the Caller (level 2, -1/19 HPs)
             Began as a Demonspawn Wanderer on May 2, 2023.
             Was a Follower of Okawaru.
             Slain by an adder (3 damage)
             ... on level 2 of the Dungeon.
             The game lasted 00:03:00 (1360 turns).

infinitevox the Caller (Demonspawn Wanderer)        Turns: 1360, Time: 00:03:01

Health: -1/19      AC:  5    Str: 14    XL:     2   Next: 62%
Magic:  3/3        EV: 11    Int: 13    God:    Okawaru [*.....]
Gold:   52         SH:  0    Dex: 10    Spells: 2/3 levels left

rFire   . . .      SeeInvis .   a - +0 spear
rCold   . . .      Faith    .   (no shield)
rNeg    . . .      Spirit   .   d - +0 leather armour
rPois   .          Reflect  .   (no helmet)
rElec   .          Harm     .   (no cloak)
rCorr   .          Rampage  .   (no gloves)
Will    .....                   (no boots)
Stlth   +.........              h - amulet of magic regeneration
HPRegen 0.06/turn               (no ring)
MPRegen 0.48/turn               (no ring)

@: lethally poisoned (-1 -> -11)
A: thin metallic scales 1
a: Renounce Religion, Heroism


You were on level 2 of the Dungeon.
You worshipped Okawaru.
Okawaru was aware of your devotion.
You visited 1 branch of the dungeon, and saw 2 of its levels.

You collected 52 gold pieces.

Inventory:

Hand Weapons
 a - a +0 spear (weapon)
 c - a +0 dagger
Missiles
 b - 11 poisoned darts (quivered)
Armour
 d - a +0 leather armour (worn)
Jewellery
 h - an amulet of magic regeneration (around neck)
Scrolls
 e - 2 scrolls of identify
 f - a scroll of teleportation {unknown}
 g - a scroll of vulnerability


   Skills:
 - Level 1.0 Polearms
 + Level 1.9 Throwing
 + Level 0.1 Dodging
 - Level 1.0 Spellcasting
 + Level 3.9 Summonings
 - Level 3.0 Evocations


You had 2 spell levels left.
You knew the following spells:

 Your Spells              Type           Power      Damage    Failure   Level
a - Summon Small Mammal   Summ           40%        N/A       8%          1

Your spell library contained the following spells:

 Spells                   Type           Power      Damage    Failure   Level
 Beastly Appendage        Tmut           0%         N/A       34%         1
 Foxfire                  Conj/Fire      0%         2x1d4     34%         1
 Freeze                   Ice            0%         1d3       34%         1
 Summon Ice Beast         Ice/Summ       Unusable   N/A       N/A         4
 Summon Lightning Spire   Summ/Air       Unusable   N/A       N/A         4

Dungeon Overview and Level Annotations

Branches:
Dungeon (2/15)

Altars:
Okawaru
Uskayaw


Innate Abilities, Weirdness & Mutations

You are partially covered in thin metallic scales. (AC +2)


Message History

The adder barely misses you.
You hit the adder.
The adder is moderately wounded.
The adder closely misses you. The adder bites you.
You miss the adder.
The adder is moderately wounded.
The adder closely misses you.
You closely miss the adder.
The adder is moderately wounded.
The adder bites you. x2
You closely miss the adder.
The adder is moderately wounded.
The adder bites you but does no damage.
Casting: Summon Small Mammal (safe; 8% risk of failure)
Confirm with . or Enter, or press ? or * to list all spells.
You cannot coerce anything to answer your summons.
Casting: Summon Small Mammal (safe; 8% risk of failure)
Confirm with . or Enter, or press ? or * to list all spells.
You cannot coerce anything to answer your summons.
You closely miss the adder.
The adder is moderately wounded.
The adder bites you.
You barely miss the adder.
The adder is moderately wounded.
The adder barely misses you. The adder bites you.
You are poisoned.
The adder poisons you!
You miss the adder.
The adder is moderately wounded.
You feel sick. The adder bites you.
* * * LOW HITPOINT WARNING * * *
You are more poisoned.
The adder poisons you!
You aren't carrying any potions.
As you read the scroll labelled NOM DAVYLI, it crumbles to dust.
It is a scroll of identify.
g - a scroll of vulnerability
* * * LOW HITPOINT WARNING * * *
You feel sick. The adder bites you but does no damage. The adder bites you.
You die...

#.# #.# #.# ##
#.# ..
#######.##.#
...........#
......$.#
##...##S# ##
#@# ##.#######
######.........
#
#.......#######
#< ##.####..#
#..##...####.##
#.....#.(.....#
#.#.#...####..#
.
#..#..........#
. # #


You could see an adder.

Vanquished Creatures
  A dart slug (D:2)
  3 endoplasms
  2 giant cockroaches
  3 goblins (D:1)
  A hobgoblin (D:2)
  A kobold (D:2)
  2 bats
  3 frilled lizards
  A rat (D:2)
17 creatures vanquished.

Notes
Turn   | Place    | Note
-------+----------+-------------------------------------------
     0 | D:1      | infinitevox the Demonspawn Wanderer began the quest for the
                  | Orb.
     0 | D:1      | infinitevox set off with the following items: a +0 spear,
                  | 11 poisoned darts, a +0 dagger, a +0 leather armour; and
                  | the following spell memorised: Summon Small Mammal; and the
                  | following spells available to memorise: Summon Ice Beast,
                  | Summon Lightning Spire
     0 | D:1      | Reached XP level 1. HP: 13/13 MP: 2/2
   578 | D:1      | Gained mutation: You are partially covered in thin metallic
                  | scales. (AC +2) [demonic ancestry]
   578 | D:1      | Reached XP level 2. HP: 19/19 MP: 3/3
   582 | D:1      | Found a faded altar of an unknown god.
   585 | D:1      | Prayed at the altar of an unknown god.
   585 | D:1      | Became a worshipper of Warmaster Okawaru
   585 | D:1      | Reached * piety under Okawaru
  1205 | D:2      | Found a hide-covered altar of Uskayaw.
  1306 | D:2      | Got Goifaxif's Spellcraft for Neophytes
  1360 | D:2      | Slain by an adder

Illustrated notes

Levels and vault maps discovered:
D:1:      beargit_arrival_greenhouse, layout_loops_ring,
          hellmonk_ecumenical_altar_inner_sanctum
D:2:      layout_loops_ring, basic_altar, serial_aquarium,
          aquarium_bridge_straight [aquarium_subvault_bridge,
          aquarium_subvault_wall, aquarium_subvault_bridge,
          aquarium_subvault_window], aquarium_window_3, aquarium_window_2,
          aquarium_view_2a, aquarium_view_4, aquarium_pool_1

Action                   || total
-------------------------++-------
Melee: Spear             ||    80
       Punch             ||     1
  Use: Scroll            ||     1
Armor: Leather armour    ||    19
Dodge: Dodged            ||    36
